 Dungeon Crawl Stone Soup version 0.20.1-1-g8b1a95d (webtiles) character file.

1752 Gremour the Covert (level 8, -6/61 HPs)
             Began as a Vampire Monk on Sept 15, 2017.
             Mangled by Chisa's ghost (16 damage)
             ... on level 7 of the Dungeon.
             The game lasted 00:59:46 (7905 turns).

Gremour the Covert (Vampire Monk)                   Turns: 7905, Time: 00:59:46

Health: -6/61      AC:  0    Str: 10    XL:     8   Next: 78%
Magic:  0/10       EV: 27    Int: 13    God:
Gold:   10         SH:  0    Dex: 21    Spells: 8/9 levels left

rFire    . . .     SeeInvis +   (weapon currently unavailable)
rCold    + . .     Gourm    .   (shield currently unavailable)
rNeg     + + .     Faith    .   (armour currently unavailable)
rPois    +         Spirit   .   (helmet currently unavailable)
rElec    .         Reflect  .   (cloak currently unavailable)
rCorr    .         Harm     .   (gloves currently unavailable)
MR       .....                  (boots currently unavailable)
Stlth    ++++++....             (no amulet)
Regen    0.1/turn               (ring currently unavailable)
MPRegen  0.2/turn               (ring currently unavailable)

@: bat-form, flying, regenerating slowly, very quick
A: fangs 3, see invisible, clumsy 1, high mp 1
a: End Transformation


You were on level 7 of the Dungeon.
You were thirsty.
You were in vampire-bat-form.
You visited 2 branches of the dungeon, and saw 8 of its levels.

You collected 234 gold pieces.
You spent 224 gold pieces at shops.

Inventory:

Hand Weapons
 a - a +3 falchion (melded)
 b - a +1 dagger of speed
 h - a +0 falchion
 t - a +4 quarterstaff of chaos
 C - a +0 dagger
 G - a +0 rapier
Armour
 e - a +0 cloak
 n - a +1 ring mail of magic resistance
 q - a +2 robe of fire resistance (melded)
 r - a scarf of spirit shield (melded)
 s - a +0 leather armour of fire resistance
 u - a +0 pair of boots (melded)
 v - a +1 leather armour of positive energy
 H - a +0 pair of gloves (melded)
Jewellery
 g - an uncursed ring of wizardry
 l - a +5 ring of protection (melded)
 p - a +3 ring of protection (melded)
Wands
 y - a wand of flame (19/48)
 F - a wand of digging (17/24)
 I - a wand of disintegration (3/24)
Scrolls
 d - 3 scrolls of amnesia {unknown}
 i - 4 scrolls of identify
 k - a scroll of fear
 m - a scroll of fog
 o - a scroll of random uselessness {unknown}
 w - a scroll of enchant armour {unknown}
 z - a scroll of enchant weapon {unknown}
 E - a scroll of vulnerability {unknown}
Potions
 c - 15 potions of blood
 f - a potion of brilliance
 j - 3 potions of resistance
 D - a potion of curing
Books
 A - a book of Cantrips

   Spells                             Type                      Level
   a - Confusing Touch                Hexes                        1
   b - Animate Skeleton               Necromancy                   1
   c - Summon Small Mammal            Summoning                    1
   d - Apportation                    Translocation                1


   Skills:
 + Level 4.4 Fighting
 + Level 6.4 Long Blades
 * Level 3.0 Armour
 + Level 7.1 Dodging
 + Level 8.1 Stealth
 * Level 1.1 Spellcasting
 * Level 1.9 Necromancy


You had 8 spell levels left.
You knew the following spells:

 Your Spells              Type           Power        Failure   Level  Hunger
s - Animate Skeleton      Necr           N/A          13%         1    ##.....


Dungeon Overview and Level Annotations

Branches:
Dungeon (7/15)             Temple (1/1) D:5

Altars:
Cheibriados
Dithmenos
Elyvilon
Fedhas
Gozag
Hepliaklqana
Kikubaaqudgha
Nemelex Xobeh
Okawaru
Qazlal
Ru
Sif Muna
Trog
Uskayaw
Vehumet
Xom
Yredelemnul
The Shining One

Shops:
D:5 =   D:7 *}*[%

Annotations:
D:7 Chisa's ghost, novice TrMo


Innate Abilities, Weirdness & Mutations

You heal slowly.
You have razor-sharp teeth.
You have supernaturally acute eyesight. (SInv)
((You can survive without breathing.))
((You are partially covered in yellow scales. (AC +2)))
You are clumsy. (Dex -2)
You have an increased reservoir of magic. (+10% MP)


Message History

Okay, then.
Evoke which item? (* to show all) (? for menu, Esc to quit)
Aiming: Throw Flame
Press: ? - help, Shift-Dir - straight line, f - Chisa's ghost
Aim: Chisa's ghost (moderately damaged)
The puff of flame misses Chisa's ghost.
This wand has 19 charges left.
Chisa's ghost misses you.
You riposte.
You hit Chisa's ghost.
Chisa's ghost is moderately damaged.
Chisa's ghost hits you!!
* * * LOW HITPOINT WARNING * * *
You turn into a vampire bat.
Your +3 falchion melds into your body.
Your scarf of spirit shield melds into your body.
Your +0 pair of gloves melds into your body.
Your +0 pair of boots melds into your body.
Your +2 robe of fire resistance melds into your body.
Your +3 ring of protection melds into your body.
Your +5 ring of protection melds into your body.
You feel strangely alone.
You feel less resistant to fire. Chisa's ghost hits you!
You die...

#.......>..)................
#........#.###########.#####
#........#.# ### #.#
#........#.# #.. ..#
#........#.# #.# #..#
########.#.# #.# #... #)#.#
#.# #.####
#########)#.####.####......
#.......)...bW...........#.
##...........>.............
##≈≈≈.....................#
##≈≈≈≈≈....................#
#...∩≈≈....................#
#.≈≈≈≈≈....................#
#.#≈≈≈.....................#
#.##....................∩..#
#...(......................#


You could see Chisa's ghost.

Vanquished Creatures
  Eustachio (D:4)
  Edmund (D:4)
  A black bear (D:6)
  An orc warrior (D:5)
  5 ogres
  A bullfrog (D:6)
  3 wights (D:7)
  2 crimson imps (D:6)
  A bullfrog zombie (D:4)
  A hound (D:4)
  Crazy Yiuf (D:2)
  A gnoll shaman (D:7)
  2 orc priests (D:4)
  3 orc wizards
  3 iguanas
  Jessica (D:2)
  A worker ant (D:4)
  2 hound skeletons
  3 gnolls (D:7)
  2 adders
  A river rat (D:7)
  3 oozes
  An adder skeleton (D:4)
  4 dart slugs
  4 leopard geckos
  26 orcs
  A ball python (D:2)
  5 giant cockroaches
  8 goblins
  9 hobgoblins
  2 jackals (D:4)
  6 quokkas
  3 bats
  7 frilled lizards
  10 kobolds
  A quokka skeleton (D:5)
  7 rats
134 creatures vanquished.

Vanquished Creatures (others)
  4 plants (D:7)
4 creatures vanquished.

Grand Total: 138 creatures vanquished

Notes
Turn   | Place    | Note
-------+----------+-------------------------------------------
     0 | D:1      | Gremour the Vampire Monk began the quest for the Orb.
     0 | D:1      | Reached XP level 1. HP: 17/17 MP: 1/1
   179 | D:1      | Reached XP level 2. HP: 23/23 MP: 2/2
   678 | D:1      | Reached XP level 3. HP: 28/28 MP: 3/3
   718 | D:1      | Reached skill level 4 in Stealth
  1052 | D:2      | Found a hazy altar of Hepliaklqana.
  1282 | D:2      | Noticed Jessica
  1290 | D:2      | Killed Jessica
  1290 | D:2      | Reached skill level 5 in Stealth
  1290 | D:2      | Reached XP level 4. HP: 35/35 MP: 4/4
  1320 | D:2      | Found a hide-covered altar of Uskayaw.
  1532 | D:2      | Found a sparkling altar of Nemelex Xobeh.
  1656 | D:2      | Found a runed door.
  1660 | D:2      | Noticed Crazy Yiuf
  1665 | D:2      | Killed Crazy Yiuf
  2484 | D:4      | Reached skill level 6 in Stealth
  2484 | D:4      | Reached XP level 5. HP: 35/41 MP: 5/5
  2685 | D:4      | Found a deep blue altar of Sif Muna.
  2702 | D:4      | Noticed Edmund
  2754 | D:4      | Gained mutation: You are dopey. (Int -2) [potion of mutation]
  2754 | D:4      | Gained mutation: You have large cloven feet. [potion of mutation]
  2755 | D:4      | Lost mutation: You have large cloven feet. [potion of mutation]
  2755 | D:4      | Lost mutation: You are dopey. (Int -2) [potion of mutation]
  2755 | D:4      | Gained mutation: You are robust. (+10% HP) [potion of mutation]
  2755 | D:4      | Gained mutation: Your muscles are strong. (Str +2) [potion of mutation]
  3122 | D:4      | Noticed Eustachio
  3209 | D:4      | Noticed an ogre
  3451 | D:4      | Noticed an ogre
  3501 | D:4      | Killed Edmund
  3501 | D:4      | Reached XP level 6. HP: 45/51 MP: 3/6
  3810 | D:4      | Reached skill level 1 in Armour
  4113 | D:4      | Reached skill level 5 in Dodging
  4113 | D:4      | Reached skill level 7 in Stealth
  4531 | D:4      | Reached XP level 7. HP: 28/57 MP: 7/7
  4540 | D:4      | Reached skill level 5 in Long Blades
  4896 | D:4      | Killed Eustachio
  5391 | D:5      | Entered Level 5 of the Dungeon
  5428 | D:5      | Found a staircase to the Ecumenical Temple.
  5437 | Temple   | Entered the Ecumenical Temple
  5609 | D:5      | Reached XP level 8. HP: 12/66 MP: 8/8
  6195 | D:5      | Found Kaekk's Jewellery Shop.
  6207 | D:5      | Lost mutation: You are robust. (+10% HP) [potion of mutation]
  6207 | D:5      | Lost mutation: Your muscles are strong. (Str +2) [potion of mutation]
  6207 | D:5      | Gained mutation: You are dopey. (Int -2) [potion of mutation]
  6207 | D:5      | Gained mutation: Your muscles are strong. (Str +2) [potion of mutation]
  6207 | D:5      | Gained mutation: You are agile. (Dex +2) [potion of mutation]
  6208 | D:5      | Lost mutation: You are dopey. (Int -2) [potion of mutation]
  6208 | D:5      | Lost mutation: You are agile. (Dex +2) [potion of mutation]
  6208 | D:5      | Lost mutation: Your muscles are strong. (Str +2) [potion of mutation]
  6208 | D:5      | Gained mutation: You are clumsy. (Dex -2) [potion of mutation]
  6208 | D:5      | Gained mutation: You have an increased reservoir of magic. (+10% MP) [potion of mutation]
  6208 | D:5      | Gained mutation: You are partially covered in yellow scales. (AC +2) [potion of mutation]
  6274 | D:5      | Found a shadowy altar of Dithmenos.
  6308 | D:5      | HP: 2/60 [orc priest/divine providence (13)]
  6310 | D:6      | Found a radiant altar of Vehumet.
  6476 | D:6      | Learned a level 1 spell: Animate Skeleton
  6600 | D:6      | Found a glowing golden altar of the Shining One.
  6669 | D:6      | Found a blossoming altar of Fedhas.
  7251 | D:7      | Reached skill level 8 in Stealth
  7251 | D:7      | Reached skill level 1 in Spellcasting
  7296 | D:7      | Found Deshouza's Food Shop.
  7320 | D:7      | Found a white marble altar of Elyvilon.
  7378 | D:7      | Reached skill level 1 in Necromancy
  7400 | D:7      | Found Umophyrch's Assorted Antiques.
  7814 | D:7      | Bought a pair of gloves for 126 gold pieces
  7830 | D:7      | Found Naipnaps's Gadget Shoppe.
  7838 | D:7      | Bought a wand of disintegration (3/24) for 98 gold pieces
  7863 | D:7      | Found Poklax Isou's Antique Armour Shoppe.
  7868 | D:7      | Found Kalokint's Assorted Antiques.
  7881 | D:7      | Noticed Chisa's ghost (novice TrMo)
  7905 | D:7      | Mangled by Chisa's ghost

Skill      XL: |  1  2  3  4  5  6  7  8 |
---------------+-------------------------+-----
Stealth        | 5 6 7 8 |  8.1
Fighting       | 3 4 |  4.4
Dodging        | 4 5 6 7 |  7.1
Long Blades    | 4 5 6 |  6.4
Armour         | 1 2 3 |  3.0
Spellcasting   | 1 |  1.1
Necromancy     | 1 |  1.9

Action                   |  1- 3 |  4- 6 |  7- 9 || total
-------------------------+-------+-------+-------++-------
Melee: Falchion          |    82 |   290 |   164 ||   536
       Bite              |     9 |    24 |    38 ||    71
       Dagger            |     1 |    19 |     9 ||    29
       Rapier            |       |       |   178 ||   178
 Cast: Animate Skeleton  |       |       |     5 ||     5
 Abil: Bat Form          |       |     3 |     2 ||     5
       End Transformatio |       |     3 |     1 ||     4
Evoke: Wand              |       |       |     1 ||     1
  Use: Scroll            |       |     7 |     2 ||     9
       Potion            |       |    22 |    16 ||    38
 Stab: Sleeping          |    12 |    13 |     5 ||    30
Armor: Robe              |    11 |    21 |    80 ||   112
       Leather armour    |    13 |     2 |       ||    15
       Skin              |       |    66 |       ||    66
       Ring mail         |       |    44 |    75 ||   119
Dodge: Dodged            |    52 |   192 |   281 ||   525
       Rpst.: Falchion   |    16 |    61 |    41 ||   118
